 Dungeon Crawl Stone Soup version 0.30-a0-728-gc68057be0a (webtiles) character file.

Game seed: 3097158931089117310

137 jimonade the Sneak (level 5, -4/31 HPs)
             Began as a Kobold Brigand on Jan 30, 2023.
             Splashed by a jelly's acid (10 damage)
             ... on level 6 of the Dungeon.
             The game lasted 00:04:01 (2582 turns).

jimonade the Sneak (Kobold Brigand)                 Turns: 2582, Time: 00:04:01

Health: -4/31      AC:  4    Str:  9    XL:     5   Next: 44%
Magic:  5/5        EV: 15    Int: 12    God:
Gold:   186        SH:  0    Dex: 18    Spells: 4/4 levels left

rFire   . . .      SeeInvis .    a - +2 dagger
rCold   + . .      Faith    .    (no shield)
rNeg    . . .      Spirit   .    n - +0 robe
rPois   .          Reflect  .    (no helmet)
rElec   .          Harm     .    c - +0 cloak
rCorr   .          Rampage  .    j - +0 pair of gloves
Will    .....                    (no boots)
Stlth   +++++                    (no amulet)
HPRegen 0.25/turn                q - ring of protection from cold
MPRegen 0.09/turn                (no ring)

@: no status effects
A: small, no large weapons, nightstalker 3
a: no special abilities


You were on level 6 of the Dungeon.
You visited 1 branch of the dungeon, and saw 4 of its levels.

You collected 186 gold pieces.

Inventory:

Hand Weapons
 a - a +2 dagger (weapon)
 b - a +0 sling
 g - a +0 rapier
Missiles
 d - 9 poisoned darts (quivered)
 e - 3 curare-tipped darts
Armour
 c - a +0 cloak (worn)
 j - a +0 pair of gloves (worn)
 n - a +0 robe (worn)
 r - a +0 leather armour
 s - a +0 ring mail
Jewellery
 q - a ring of protection from cold (left hand)
Scrolls
 f - 6 scrolls of identify {unknown}
 h - 3 scrolls of noise {unknown}
 i - a scroll of vulnerability {unknown}
 m - a scroll of teleportation {unknown}
 t - a scroll of fear {unknown}
Potions
 k - a potion of degeneration {unknown}
 l - 2 potions of curing {unknown}
 o - 2 potions of flight {unknown}
 p - 3 potions of mutation {unknown}


   Skills:
 + Level 2.7 Fighting
 * Level 4.6 Short Blades
 + Level 2.3 Throwing
 + Level 2.0 Dodging
 + Level 7.0 Stealth


You had 4 spell levels left.
You didn't know any spells.
Your spell library contained the following spells:

 Spells                   Type           Power      Damage    Failure   Level
 Lesser Beckoning         Tloc           0%         N/A       45%         2
 Gell's Gravitas          Tloc           0%         N/A       69%         3
 Teleport Other           Tloc           0%         N/A       69%         3


Dungeon Overview and Level Annotations

Branches:
Dungeon (3/15)

Altars:


Innate Abilities, Weirdness & Mutations

You are small and have problems with some larger weapons.
You are completely attuned to the shadows.


Message History

You drop the +6 flail of Karma {venom, rPois}.
A frilled lizard comes into view.
The helpless frilled lizard fails to defend itself.
You stick the frilled lizard like a pincushion!!!
You kill the frilled lizard!
No target in view!
You now have 171 gold pieces (gained 12).
You see here the +11 flail of Intuition {venom, Dex+3}.
You now have 186 gold pieces (gained 15).
A sourceless malevolence fills the Dungeon...
You fall into a shaft and drop 3 floors!
The shaft crumbles and collapses.
You open the door.
Found a sling.
There is an open door here.
Found a stone staircase leading down.
Found a stone staircase leading up.
f - 6 scrolls labelled GUUMPO REUSE (gained 1)
t - a scroll labelled SIDGHEY XU KIO A jelly comes into view.
The jelly quivers.
There is a stone staircase leading up here.
You hit the jelly.
Your hands burn!
The jelly is moderately wounded.
You hit the jelly.
Your hands burn!
The jelly is moderately wounded.
The jelly hits you.
You are splashed with acid!
You hit the jelly.
Your hands burn!
The jelly is severely wounded.
The jelly barely misses you.
You are too injured to fight recklessly!
You are too injured to fight recklessly!
You are too injured to fight recklessly!
You hit the jelly.
Your hands burn!
* * * LOW HITPOINT WARNING * * *
The jelly is almost dead.
The jelly hits you.
* * * LOW HITPOINT WARNING * * *
You are splashed with acid!
You die...

... ###....
#.....#
#.J...#
#@....#
#.....#
####.....#
#..##.....#
#...#.....#
#...#.....#
#...#.....#
###'#..^..
#........#


You could see a jelly.

Vanquished Creatures
  An orc wizard (D:2)
  4 adders (D:2)
  A gnoll (D:1)
  2 worms (D:2)
  A dart slug (D:1)
  2 orcs (D:2)
  3 ball pythons (D:2)
  8 bats
  4 endoplasms
  4 goblins
  5 hobgoblins
  5 jackals
  2 quokkas
  3 frilled lizards
  8 kobolds
  7 rats
60 creatures vanquished.

Notes
Turn   | Place    | Note
-------+----------+-------------------------------------------
     0 | D:1      | jimonade the Kobold Brigand began the quest for the Orb.
     0 | D:1      | Reached XP level 1. HP: 12/12 MP: 1/1
   159 | D:1      | Reached XP level 2. HP: 17/17 MP: 2/2
   314 | D:1      | Reached skill level 6 in Stealth
   314 | D:1      | Reached XP level 3. HP: 21/21 MP: 3/3
  1114 | D:2      | Reached XP level 4. HP: 27/27 MP: 4/4
  1250 | D:2      | Found a faded altar of an unknown god.
  1814 | D:2      | Reached XP level 5. HP: 31/31 MP: 5/5
  1908 | D:2      | Reached skill level 7 in Stealth
  2420 | D:3      | Identified the +6 flail of Karma {venom, rPois}
  2538 | D:3      | Identified the +11 flail of Intuition {venom, Dex+3}
  2557 | D:3      | You fall into a shaft and drop 3 floors!
  2582 | D:6      | Splashed by a jelly's acid

Illustrated notes

Levels and vault maps discovered:
D:1:      dpeg_arrival_rooms_b, layout_loops_ring, minivault_14,
          minmay_misc_feat_plants
D:2:      kennysheep_six_static_rooms, layout_basic,
          ebering_ecumenical_altar_hall, hex_large, corexii_shack,
          amcnicky_mini_rare_corridor_liquid, mrwooster_statue_mirror,
          minmay_crystal_water, dk_vineyard_2, grunt_ministairs_11
D:3:      layout_loops_cross, mainiacjoe_overflow_cross_hatched,
          uniq_crazy_yiuf_cottage, uniq_sigmund
D:6:      layout_gridville

Skill      XL: |  1  2  3  4  5 |
---------------+----------------+-----
Short Blades   | 3 4 |  4.6
Stealth        | 6 7 |  7.0
Dodging        | 2 |  2.0
Fighting       | |  2.7
Throwing       | |  2.3

Action                     |  1- 3 |  4- 6 || total
---------------------------+-------+-------++-------
  Melee: Dagger            |   108 |    95 ||   203
         Punch             |       |     1 ||     1
   Stab: Sleeping          |    10 |    21 ||    31
 Armour: Robe              |    28 |    12 ||    40
  Dodge: Dodged            |    82 |    47 ||   129

Table legend: (Time is in decaauts)
 A = Elapsed time spent in this place.
 B = Non-inter-level travel time spent in this place.
 C = Inter-level travel time spent in this place.
 D = Time resting spent in this place.
 E = Time spent auto-exploring this place.
 F = Levels seen in this place.
 G = Mean time per level.
                   A        B        C        D        E       F      G
               +--------+--------+--------+--------+--------+-----+--------+
         Total |   2547 |   2370 |    177 |      0 |   1906 |   4 |  636.8 |
       Dungeon |   2547 |   2370 |    177 |      0 |   1906 |   4 |  636.8 |
               +--------+--------+--------+--------+--------+-----+--------+

Top non-repeatable levels by time:
     D:2: 1333 daAuts
     D:1: 1024 daAuts
     D:3: 165 daAuts
     D:6: 24 daAuts
